 Dungeon Crawl Stone Soup version 0.29-a0-296-gda187f2e07 (webtiles) character file.

Game seed: 7417043070198245792

9 Keinsiegistauchsieg the Skirmisher (level 2, 0/32 HPs)
             Began as an Ogre Fighter on Mar 19, 2022.
             Killed from afar by a dart slug (1 damage)
             ... with a slug dart
             ... on level 2 of the Dungeon.
             The game lasted 00:00:36 (491 turns).

Keinsiegistauchsieg the Skirmisher (Ogre Fighter)    Turns: 491, Time: 00:00:36

Health: 0/32       AC:  3    Str: 19    XL:     2   Next: 12%
Magic:  2/2        EV:  8    Int:  9    God:
Gold:   39         SH:  7    Dex:  8    Spells: 1/1 levels left

rFire   . . .      SeeInvis .     - Unarmed
rCold   . . .      Faith    .   b - +0 kite shield
rNeg    . . .      Spirit   .   a - +0 robe
rPois   .          Reflect  .   (helmet restricted)
rElec   .          Harm     .   (no cloak)
rCorr   .          Rampage  .   (gloves unavailable)
Will    .....                   (boots unavailable)
Stlth   +.........              (no amulet)
HPRegen 0.10/turn               (no ring)
MPRegen 0.08/turn               (no ring)

@: no status effects
A: large, unfitting armour, tough skin 1
a: no special abilities


You were on level 2 of the Dungeon.
You visited 1 branch of the dungeon, and saw 2 of its levels.

You collected 39 gold pieces.

Inventory:

Armour
 a - a +0 robe (worn)
 b - a +0 kite shield (worn)
Jewellery
 d - a ring of poison resistance
Potions
 c - a potion of might


   Skills:
 + Level 4.1 Fighting
 * Level 0.1 Armour
 + Level 2.9 Dodging
 + Level 2.9 Shields
 + Level 1.8 Unarmed Combat


You had one spell level left.
You didn't know any spells.
Your spell library was empty.

Dungeon Overview and Level Annotations

Branches:
Dungeon (1/15)

Altars:


Innate Abilities, Weirdness & Mutations

You are too large for most types of armour.
You have tough skin. (AC +1)


Message History

The kobold is severely wounded.
You block the kobold's attack. The kobold closely misses you.
You closely miss the kobold.
The kobold is moderately wounded.
You block the kobold's attack.
You hit the kobold.
You kill the kobold!
The quokka bites you.
A dart slug comes into view.
You miss the quokka.
The quokka bites you but does no damage.
You miss the quokka.
The quokka bites you but does no damage.
The dart slug launches a dart at you. The slug dart hits you.
You hit the quokka.
The quokka is lightly wounded.
The quokka bites you. x2
* * * LOW HITPOINT WARNING * * *
You closely miss the quokka.
The quokka is lightly wounded.
An endoplasm comes into view.
The quokka twitches its whiskers.
The quokka bites you.
* * * LOW HITPOINT WARNING * * *
The dart slug launches a dart at you. The slug dart hits you.
* * * LOW HITPOINT WARNING * * *
The endoplasm quivers.
You hit the quokka.
The quokka is moderately wounded.
The quokka bites you but does no damage.
You block the quokka's attack.
Unknown command.
Unknown command.
You closely miss the quokka.
The quokka is lightly wounded.
The dart slug launches a dart at you. The slug dart hits you.
You die...

#..... .#.w .#J. ...
..# #.# #.# # #@# #.
#r## ######
#..#..###.....
#..........##
#....)#.....#
#..........)#
#...........†#####.#
#..................#
................####.


You could see a dart slug, an endoplasm and a quokka.

Vanquished Creatures
  An endoplasm (D:1)
  3 giant cockroaches
  A bat (D:1)
  A frilled lizard (D:1)
  A goblin (D:2)
  A kobold (D:2)
  A rat (D:2)
9 creatures vanquished.

Notes
Turn   | Place    | Note
-------+----------+-------------------------------------------
     0 | D:1      | Keinsiegistauchsieg the Ogre Fighter began the quest for
                  | the Orb.
     0 | D:1      | Reached XP level 1. HP: 24/24 MP: 1/1
   447 | D:1      | You fall into a shaft and drop 1 floor!
   458 | D:2      | Reached XP level 2. HP: 25/32 MP: 2/2
   489 | D:2      | HP: 1/32 [dart slug/slug dart (5)]
   491 | D:2      | Killed from afar by a dart slug

Illustrated notes

Levels and vault maps discovered:
D:1:      heliophobic_arrival_enchanted_forest, layout_basic
D:2:      layout_loops_ring, hellmonk_ecumenical_altar_blasted,
          grunt_ministairs_4, bh_walls_and_bars

Action                   || total
-------------------------++-------
Melee: Unarmed           ||    57
Armor: Robe              ||    23
Dodge: Dodged            ||    18
Block: Kite shield       ||    22

Table legend: (Time is in decaauts)
 A = Elapsed time spent in this place.
 B = Non-inter-level travel time spent in this place.
 C = Inter-level travel time spent in this place.
 D = Time resting spent in this place.
 E = Time spent auto-exploring this place.
 F = Levels seen in this place.
 G = Mean time per level.
                   A        B        C        D        E       F      G
               +--------+--------+--------+--------+--------+-----+--------+
         Total |    496 |    496 |      0 |      0 |    387 |   2 |  248.0 |
       Dungeon |    496 |    496 |      0 |      0 |    387 |   2 |  248.0 |
               +--------+--------+--------+--------+--------+-----+--------+

Top non-repeatable levels by time:
     D:1: 449 daAuts
     D:2: 46 daAuts
